Map: 안갯속 표류기

Players

제임스레이더

  • Race: Terran Terran
  • Spawn Location: 6:00

테라진

  • Race: Zerg Zerg
  • Spawn Location: 5:00

VOD

Have the link to the VOD?

Description

Time

  • Played on: Sept. 20, 2017, 6:35 a.m.
  • Length: 30:10
Show
View Real Time Build Order
Export as new Build Order

제임스레이더 Terran 

Build Orders:  

Get SALT Encoding   

  12  0:24  SCV  
Show
View Real Time Build Order
Export as new Build Order

테라진 Zerg 

Build Orders:  

Get SALT Encoding   

  6  0:12  Drone x2  
  6  0:17  Drone x2  
  8  0:27  Drone x2  
  9  0:36  Drone x2  
  10  0:45  Drone x2  
  11  0:53  Drone x2  
  12  1:01  Drone x2  
  12  1:08  Drone x2  
  14  1:13  Extractor  
  14  1:17  Extractor  
  14  1:19  Drone x2  
  14  1:28  Overlord  
  14  1:51  Spawning Pool  
  13  2:05  Centrifical Hooks  
  13  2:22  Baneling Nest  
  13  2:23  Swarmling x3  
  13  2:24  Swarmling x6  
  13  2:29  Metabolic Boost  
  17  2:30  Drone x2  
  17  2:31  Overlord  
  17  2:36  Drone x2  
  19  2:52  Evolution Chamber  
  19  3:06  Drone x2  
  19  3:07  Drone x2  
  21  3:24  Lair  
  21  3:54  Extractor  
  21  3:56  Hatchery  
  20  4:02  Overlord  
  20  4:14  Heroic Fortitude  
  20  4:21  Evolution Chamber  
  21  4:31  Drone x8  
  25  4:45  Extractor  
  25  4:52  Corrosive Acid  
  25  4:57  Drone x2  
  28  5:11  Drone x4  
  30  5:22  Drone x4  
  34  5:42  Overlord  
  34  5:43  Medusa Blades  
  34  5:49  Hardened Carapace  
  34  5:57  Hive  
  36  6:04  Drone x2  
  37  6:10  Drone x2  
  38  6:24  Drone x2  
  38  6:25  Scourge Nest  
  40  6:37  Swarmling x21  
  41  7:23  Swarmling x3  
  41  7:24  Swarmling x12  
  50  7:30  Hatchery  
  50  7:32  Simplified Genome  
  50  7:33  Hatchery  
  50  7:35  Rupture  
  50  7:37  Shredding Claws  
  49  7:47  Zerg Melee Weapons Level 1  
  49  7:49  Zerg Ground Armor Level 1  
  49  7:56  Overlord  
  53  8:32  Virulent Spores  
  51  8:42  Hatchery  
  50  9:07  Adrenal Overload  
  49  9:26  Scourge x2  
  49  9:27  Scourge x20  
  62  9:32  Zerg Flyer Weapons Level 1  
  62  9:38  Scourge x4  
  62  9:39  Scourge x2  
  63  9:44  Roach x4  
  63  9:45  Roach x12  
  63  9:46  Roach x4  
  63  9:49  Scourge x10  
  60  9:50  Scourge x2  
  66  10:07  Swarmling x3  
  66  10:08  Swarmling x21  
  72  10:24  Scourge x2  
  72  10:25  Scourge x8  
  72  10:27  Swarmling x15  
  72  10:36  Swarmling x12  
  72  10:37  Swarmling x3  
  72  10:39  Zerg Melee Weapons Level 2  
  65  10:40  Zerg Ground Armor Level 2  
  75  10:41  Overlord x4  
  75  10:48  Scourge x8  
  71  11:00  Overseer x2  
  71  11:03  Pneumatized Carapace  
  71  11:08  Overlord x2  
  61  11:13  Scourge x6  
  64  11:38  Scourge x22  
  67  11:52  Scourge x18  
  39  12:45  Swarmling x3  
  39  12:46  Swarmling x60  
  39  12:47  Swarmling x12  
  75  12:57  Roach x6  
  75  12:58  Roach x12  
  75  12:59  Roach x2  
  75  13:11  Scourge x16  
  75  13:15  Swarmling x3  
  75  13:16  Swarmling x18  
  90  13:27  Scourge x2  
  90  13:28  Scourge x8  
  77  13:46  Swarmling x6  
  75  13:55  Scourge x14  
  75  13:56  Scourge x12  
  80  14:29  Scourge x16  
  83  14:35  Zerg Ground Armor Level 3  
  83  14:43  Zerg Flyer Weapons Level 2  
  83  14:48  Scourge x2  
  83  14:49  Scourge x20  
  93  15:38  Scourge x10  
  51  16:01  Swarmling x18  
  51  16:02  Swarmling x36  
  75  16:12  Swarmling x15  
  75  16:13  Swarmling x9  
  81  16:27  Swarmling x39  
  81  16:28  Swarmling x3  
  68  16:49  Swarmling x27  
  78  16:50  Swarmling x3  
  78  16:54  Drone x4  
  78  16:55  Drone x6  
  80  17:11  Scourge x4  
  80  17:12  Scourge x6  
  80  17:13  Roach x10  
  80  17:14  Roach x10  
  80  17:17  Zerg Melee Weapons Level 3  
  86  17:35  Hatchery  
  71  17:52  Swarmling x6  
  71  17:53  Swarmling x27, Scourge x16  
  71  17:54  Scourge x2  
  78  18:00  Spore Crawler x2  
  78  18:02  Spore Crawler  
  78  18:03  Spore Crawler, Spine Crawler  
  78  18:05  Spine Crawler  
  78  18:07  Bile Launcher  
  78  18:08  Spine Crawler  
  78  18:09  Bile Launcher  
  64  18:10  Swarmling x24  
  64  18:11  Swarmling x6  
  70  18:27  Swarmling x15  
  72  18:50  Scourge x14  
  72  18:51  Swarmling x3, Scourge x2  
  72  18:52  Swarmling x24  
  86  19:01  Scourge x8  
  86  19:02  Scourge x4  
  59  19:24  Scourge x20  
  68  19:39  Spore Crawler  
  67  19:57  Swarmling x18  
  67  19:58  Swarmling x12  
  67  19:59  Scourge x12  
  85  20:00  Scourge x8  
  80  20:17  Swarmling x3  
  80  20:18  Swarmling x24  
  93  20:26  Roach x6  
  93  20:27  Roach x10  
  93  20:28  Roach x4  
  85  20:41  Scourge x2  
  85  20:42  Scourge x26  
  85  20:47  Zerg Flyer Weapons Level 3  
  71  21:15  Swarmling x36  
  71  21:16  Swarmling x21  
  81  21:34  Swarmling x3  
  81  21:35  Swarmling x33  
  79  21:51  Swarmling x3  
  79  21:52  Swarmling x30  
  93  22:06  Scourge x12  
  93  22:07  Scourge x2  
  99  23:51  Spore Crawler x2  
  99  23:52  Spore Crawler x3  
  99  23:53  Spore Crawler  
  99  23:54  Spine Crawler  
  96  24:26  Zerg Flyer Armor Level 1  
  86  24:40  Scourge x8  
  86  24:41  Scourge x18  
  88  25:44  Spore Crawler x2  
  88  25:48  Spore Crawler  
  87  25:51  Spore Crawler  
  82  26:19  Scourge x20  
  79  26:20  Scourge x42  
  79  26:21  Scourge x4  
  100  26:34  Spore Crawler  
  100  26:35  Spore Crawler  
  100  26:36  Spore Crawler  
  95  26:49  Scourge x2  
  92  26:50  Scourge x14  
  88  27:27  Scourge x10  
  88  27:28  Scourge x30  
  99  27:51  Roach x12  
  99  27:52  Roach x8  
  68  28:33  Scourge x10  
  68  28:34  Scourge x40  
  68  28:35  Scourge x6  
  86  29:20  Swarmling x24  
  86  29:21  Swarmling x6  
Tags
 
Add a new tag
Caveats
  • Supply blocks, unpowered buildings, or Contaminate may cause inaccurate times.
  • Supply counts are checked every 10 seconds.